 Dungeon Crawl Stone Soup version 0.30.1-11-g7821555f0a (webtiles) character file.

Game seed: 5396808992841958151

111 darkwizard the Chopper (level 4, 0/33 HPs)
             Began as a Vampire Gladiator on Nov 16, 2023.
             Succumbed to a scorpion's poison
             ... on level 4 of the Dungeon.
             The game lasted 00:08:18 (931 turns).

darkwizard the Chopper (Vampire Gladiator)           Turns: 931, Time: 00:08:19

Health: 0/33       AC:  6    Str: 15    XL:     4   Next: 62%
Magic:  4/4        EV: 12    Int: 10    God:
Gold:   98         SH:  0    Dex: 15    Spells: 3/3 levels left

rFire   . . .        a - +0 war axe
rCold   . . .        (no shield)
rNeg    . . .        h - +0 ring mail
rPois   .            c - +0 helmet
rElec   .            (no cloak)
rCorr   .            (no gloves)
SInv    +            (no boots)
Will    .....        (no amulet)
Stlth   +            (no ring)
HPRegen 0.45/turn    (no ring)
MPRegen 0.09/turn

%: no passive effects
@: lethally poisoned (0 -> -6), healing quickly
A: alive, fangs 3, see invisible, vampiric 2
a: Exsanguinate


You were on level 4 of the Dungeon.
You visited 1 branch of the dungeon, and saw 4 of its levels.

You collected 98 gold pieces.

Inventory:

Hand Weapons
 a - a +0 war axe (weapon)
Missiles
 d - 3 throwing nets (quivered)
 e - a javelin
Armour
 b - a +0 leather armour
 c - a +0 helmet (worn)
 h - a +0 ring mail (worn)
Scrolls
 f - a scroll of magic mapping {unknown}
 g - 2 scrolls of brand weapon {unknown}
 j - a scroll of enchant armour {unknown}
 k - 2 scrolls of teleportation {unknown}
 l - a scroll of poison {unknown}
 n - a scroll of acquirement {unknown}
Potions
 i - a potion of lignification {unknown}
 m - a potion of curing {unknown}


   Skills:
 + Level 2.2 Fighting
 + Level 4.1 Axes
 + Level 1.7 Throwing
 + Level 0.8 Armour
 + Level 3.8 Dodging


You had 3 spell levels left.
You didn't know any spells.
Your spell library contained the following spells:

 Spells                   Type           Power      Damage    Failure   Level
 Freeze                   Ice            0%         1d3       58%         1
 Blink                    Tloc           0%         N/A       75%         2
 Lesser Beckoning         Tloc           0%         N/A       75%         2
 Momentum Strike          Conj/Tloc      0%         3d8       75%         2
 Frozen Ramparts          Ice            0%         1d1       92%         3
 Hailstorm                Conj/Ice       0%         3d3       92%         3


Dungeon Overview and Level Annotations

Branches:
Dungeon (4/15)
 Temple: D:4-7

Altars:


Innate Abilities, Weirdness & Mutations

Your natural rate of healing is accelerated.
You have razor-sharp teeth.
You have supernaturally acute eyesight. (SInv)
You are afflicted with vampirism and can become a bat while bloodless.


Message History

You kill the adder!
You now have 98 gold pieces (gained 11).
There is an open door here.
There is a stone staircase leading down here.
You climb downwards.
There is a stone staircase leading up here.
You barely miss the scorpion. Your bite misses the scorpion.
The scorpion barely misses you.
You barely miss the scorpion. The scorpion misses you. The scorpion stings you.
You slash the scorpion!
You bite the scorpion, but do no damage.
The scorpion is almost dead.
The scorpion closely misses you. The scorpion stings you.
You hit the scorpion.
The scorpion is almost dead.
The scorpion stings you.
You hit the scorpion but do no damage.
The scorpion is almost dead.
The scorpion completely misses you. The scorpion stings you.
You are poisoned.
The scorpion poisons you!
You hit the scorpion but do no damage.
The scorpion is almost dead.
You feel very sick. The scorpion stings you.
You are lethally poisoned!
The scorpion poisons you!
You hit the scorpion.
You kill the scorpion!
* * * LOW HITPOINT WARNING * * *
You feel very sick.
Your Axes skill increases to level 4!
You have reached level 4!
* * * LOW HITPOINT WARNING * * *
You feel very sick.
You see here a scorpion corpse.
* * * LOW HITPOINT WARNING * * *
You feel sick.
A kobold comes into view. It is wielding a +0 dagger.
You die...

...... K.
...#.#.#
#.....##
.####.....#
........#.#
.##.....<.#
.......†#.#
.##.##..#..#
..^....@##...
.......##
##.# .......
.# ....... #
#......
#......
#......
#######


There were no monsters in sight!

Vanquished Creatures
  A scorpion (D:4)
  3 adders
  2 worms (D:2)
  4 ball pythons
  2 endoplasms (D:1)
  2 giant cockroaches (D:1)
  3 quokkas
  2 bats (D:1)
  5 frilled lizards
  A kobold (D:2)
  A rat (D:1)
26 creatures vanquished.

Notes
Turn   | Place    | Note
-------+----------+-------------------------------------------
     0 | D:1      | darkwizard the Vampire Gladiator began the quest for the
                  | Orb.
     0 | D:1      | Reached XP level 1. HP: 16/16 MP: 1/1
   332 | D:1      | Reached XP level 2. HP: 22/22 MP: 2/2
   644 | D:2      | Reached skill level 3 in Axes
   768 | D:2      | Gained mutation: You are afflicted with vampirism and can
                  | become a bat while bloodless. [Vampire growth]
   768 | D:2      | Reached XP level 3. HP: 27/27 MP: 3/3
   920 | D:4      | Noticed a scorpion
   928 | D:4      | Killed a scorpion
   929 | D:4      | Reached skill level 4 in Axes
   929 | D:4      | Reached XP level 4. HP: 5/33 MP: 4/4
   930 | D:4      | HP: 1/33 [poisoned by a scorpion]
   931 | D:4      | Succumbed to a scorpion's poison

Illustrated notes

Levels and vault maps discovered:
D:1:      dpeg_arrival_refuge, layout_loops_ring,
          hangedman_decor_clover_reticule, serial_bayou_lagoon_b
D:2:      layout_basic, serial_park_tiny_2, kennysheep_potato, uniq_sigmund
D:3:      layout_basic, shapermc_ecumenical_altar_gd
D:4:      layout_rooms, patterned_corridor, uniq_pikel, uniq_ijyb, uniq_edmund

Skill      XL: |  1  2  3 |
---------------+----------+-----
Axes           | 3 4 |  4.1
Fighting       | 2 |  2.2
Throwing       | |  1.7
Armour         | |  0.8
Dodging        | |  3.8

Action                     |  1- 3 |  4- 6 || total
---------------------------+-------+-------++-------
  Melee: War axe           |   115 |       ||   115
         Bite              |    11 |       ||    11
         Punch             |     1 |       ||     1
 Armour: Leather armour    |     8 |       ||     8
         Ring mail         |    25 |       ||    25
  Dodge: Dodged            |    80 |       ||    80
